Map: New Gettysburg LE

Players

llllllllllll - Winner!

  • Race: Zerg Zerg
  • League: Grandmaster

BuenoClinic

  • Race: Terran Terran
  • League: Grandmaster

VOD

Have the link to the VOD?

Description

Time

  • Played on: Oct. 28, 2016, 8:26 a.m.
  • Length: 24:51
Show
View Real Time Build Order
Export as new Build Order

llllllllllll Zerg - Winner!

Build Orders: Hatch First 

Get SALT Encoding   

  12  0:02  Drone  
  13  0:13  Overlord  
  13  0:18  Drone  
  14  0:31  Drone x2  
  16  0:42  Drone  
  17  0:54  Unknown, Hatchery  
  17  0:56  Drone  
  17  1:00  Drone  
  18  1:06  Extractor  
  17  1:15  Spawning Pool  
  16  1:18  Drone  
  16  1:21  Drone  
  18  1:30  Drone  
  19  1:39  Overlord  
  19  1:50  Drone  
  20  2:01  Drone  
  21  2:02  Queen  
  21  2:05  Queen, Unknown  
  21  2:06  Zergling x2  
  21  2:08  Metabolic Boost  
  26  2:12  Zergling x2  
  27  2:16  Zergling x2  
  28  2:24  Drone  
  28  2:29  Spore Crawler, Drone  
  29  2:33  Spore Crawler  
  28  2:39  Drone x2  
  30  2:50  Drone x2  
  34  2:52  Queen  
  34  2:54  Pneumatized Carapace  
  36  3:06  Overlord x2  
  36  3:24  Drone x8  
  36  3:26  Drone  
  45  3:31  Drone  
  46  3:41  Drone  
  46  3:43  Unknown, Hatchery  
  46  3:49  Zergling x2  
  46  3:50  Zergling x2  
  46  3:53  Queen  
  46  3:55  Queen  
  50  3:59  Overlord  
  52  4:03  Evolution Chamber  
  52  4:04  Evolution Chamber  
  50  4:17  Overlord  
  50  4:18  Zergling x4  
  50  4:19  Zergling x10  
  57  4:29  Queen  
  59  4:34  Zerg Ground Armor Level 1  
  59  4:35  Queen  
  59  4:36  Zerg Melee Weapons Level 1  
  61  4:40  Zergling x2  
  61  4:41  Zergling x2  
  61  4:43  Zergling x4  
  65  4:45  Zergling x2  
  65  4:47  Zergling x2  
  65  4:49  Zergling x2  
  68  4:54  Unknown  
  68  4:55  Overlord x2  
  68  4:57  Drone  
  69  5:00  Drone  
  69  5:03  Baneling Nest  
  69  5:05  Drone x2  
  71  5:07  Drone  
  72  5:14  Overlord  
  72  5:15  Drone x2  
  72  5:18  Overlord  
  74  5:28  Zergling x10  
  63  5:29  Zergling x4  
  67  5:40  Drone x3  
  69  5:45  Drone  
  67  5:52  Drone x3  
  67  5:53  Drone x3  
  67  5:56  Extractor  
  70  5:57  Extractor  
  70  5:58  Lair, Drone x2  
  70  6:04  Baneling  
  71  6:05  Baneling x3  
  71  6:07  Zergling x10  
  76  6:12  Spore Crawler  
  76  6:14  Overlord  
  76  6:15  Overlord  
  75  6:23  Drone x2  
  75  6:24  Drone x2  
  79  6:27  Baneling x3  
  79  6:28  Drone x3  
  82  6:34  Zergling x2  
  82  6:35  Zergling x8  
  87  6:44  Drone x2  
  89  6:48  Extractor  
  88  6:54  Drone x3  
  88  6:55  Drone  
  88  6:56  Drone  
  88  6:57  Drone x4  
  88  6:58  Centrifical Hooks  
  88  7:00  Overseer  
  97  7:03  Zergling x10  
  101  7:19  Zerg Ground Armor Level 2, Unknown, Hatchery  
  100  7:24  Overlord  
  100  7:25  Unknown, Hatchery  
  100  7:26  Baneling x2  
  99  7:39  Zerg Melee Weapons Level 2, Zergling x2  
  99  7:40  Zergling x22  
  111  8:02  Drone  
  111  8:03  Drone x10  
  111  8:04  Overlord  
  121  8:08  Baneling x7  
  121  8:20  Baneling x2  
  121  8:23  Infestation Pit  
  121  8:25  Zergling x2  
  121  8:26  Zergling x16  
  123  8:30  Baneling x3, Unknown  
  123  8:37  Unknown  
  123  8:39  Zergling x6  
  123  8:40  Zergling x16  
  129  8:51  Extractor  
  129  8:54  Zergling x16  
  134  8:58  Spore Crawler  
  128  9:16  Hive  
  128  9:17  Queen  
  128  9:18  Zergling x26  
  140  9:24  Zergling x4  
  140  9:26  Queen  
  140  9:30  Zergling x2  
  132  9:40  Zergling x2  
  132  9:41  Zergling x2  
  132  9:49  Zergling x4  
  132  9:50  Overlord  
  132  9:51  Overlord x4  
  132  9:55  Queen  
  132  9:56  Baneling x10  
  118  10:01  Zergling x2  
  118  10:02  Zergling x16  
  115  10:12  Zergling x14  
  115  10:14  Baneling x8  
  121  10:24  Zergling x12  
  127  10:30  Adrenal Glands, Queen, Spire  
  127  10:31  Ultralisk Cavern  
  127  10:33  Queen x2  
  127  10:34  Queen x2  
  135  10:38  Zergling x12  
  140  10:49  Zergling x2  
  140  10:51  Zergling x18  
  140  10:52  Zergling x4  
  143  11:02  Zergling x12  
  144  11:06  Queen  
  144  11:09  Queen  
  141  11:13  Zergling x4  
  141  11:14  Zergling x6  
  141  11:15  Zergling x8  
  141  11:16  Zergling x2  
  142  11:19  Chitinous Plating  
  142  11:25  Ultralisk x3  
  159  11:27  Overseer  
  159  11:28  Baneling, Overlord  
  159  11:29  Baneling x8  
  159  11:38  Drone  
  159  11:39  Drone x2  
  162  11:42  Spore Crawler  
  162  11:43  Baneling x2  
  161  11:49  Ultralisk x2  
  173  11:58  Unknown, Hatchery  
  173  12:00  Baneling  
  173  12:01  Baneling x7  
  155  12:16  Corruptor x2  
  158  12:41  Ultralisk, Overlord x2  
  158  12:42  Drone x3  
  158  12:43  Drone x3  
  164  12:51  Corruptor x3  
  161  12:53  Zergling x12  
  173  13:01  Extractor  
  173  13:02  Extractor  
  171  13:08  Spore Crawler x2  
  171  13:10  Unknown  
  171  13:11  Drone x3  
  166  13:15  Corruptor x3  
  172  13:21  Baneling x5  
  172  13:22  Zergling x20  
  172  13:23  Zergling x2  
  181  13:28  Drone x4  
  181  13:33  Drone x2  
  181  13:34  Drone x2  
  186  13:44  Zergling x2  
  186  13:45  Zergling x4  
  186  13:46  Corruptor x2  
  193  13:55  Corruptor  
  190  13:56  Overlord  
  190  14:01  Zerg Ground Armor Level 3  
  192  14:03  Extractor  
  185  14:18  Zergling x2  
  185  14:19  Zergling x24  
  139  14:32  Zergling x10  
  139  14:37  Zergling x22  
  152  14:43  Baneling x12  
  152  14:44  Baneling  
  152  14:46  Overlord  
  152  14:50  Ultralisk x2  
  126  15:18  Unknown, Hatchery  
  126  15:19  Ultralisk  
  131  15:25  Overseer  
  131  15:49  Ultralisk x2  
  141  15:56  Zergling x2  
  146  15:57  Zergling x18  
  149  16:07  Zergling x10  
  150  16:24  Zergling x2  
  151  16:26  Overlord  
  151  16:30  Unknown  
  151  16:31  Zergling x12  
  156  16:40  Baneling x14  
  156  16:41  Zergling x16  
  156  16:46  Zerg Melee Weapons Level 3  
  164  16:54  Overseer, Baneling  
  164  16:55  Baneling x3  
  164  17:05  Zergling x10  
  164  17:06  Unknown, Hatchery, Zergling x2  
  134  17:25  Ultralisk x2  
  134  17:26  Ultralisk  
  134  17:28  Zergling x8  
  143  17:42  Ultralisk x2  
  153  17:51  Zergling x6  
  153  17:52  Zergling x8  
  155  18:03  Zergling x10  
  155  18:04  Zergling x10  
  163  18:15  Zergling x18  
  153  18:39  Zergling x6  
  153  18:40  Zergling x14  
  155  18:47  Baneling  
  155  18:48  Baneling x4  
  154  18:49  Overseer  
  154  18:51  Unknown, Hatchery  
  151  18:59  Zergling x16  
  151  19:01  Zergling x2  
  151  19:02  Zergling x2  
  153  19:08  Zergling x2  
  154  19:10  Zergling x2  
  154  19:11  Zergling x6  
  157  19:21  Ultralisk x2  
  168  19:28  Ultralisk  
  166  19:37  Zergling x12  
  166  19:45  Overseer x2  
  152  19:48  Baneling  
  152  19:49  Baneling x9  
  152  19:55  Zergling x6  
  152  19:56  Zergling x2  
  155  20:02  Unknown  
  155  20:06  Zergling x10  
  160  20:18  Baneling x2  
  160  20:20  Zergling x6  
  160  20:21  Zergling x2  
  157  20:30  Unknown, Hatchery  
  157  20:31  Zergling x4  
  157  20:33  Zergling x2  
  151  20:36  Infestor x2  
  151  20:38  Zergling x2  
  151  20:39  Zergling x12  
  158  20:55  Zergling x4  
  158  20:56  Zergling x24  
  170  20:58  Extractor  
  170  20:59  Extractor  
  170  21:01  Baneling x2  
  167  21:08  Zergling x2  
  167  21:09  Zergling x18  
  173  21:15  Spore Crawler  
  165  21:28  Zergling x22  
  165  21:31  Overlord  
  174  21:35  Baneling x4  
  174  21:39  Zergling x8  
  178  21:41  Unknown  
  178  21:42  Baneling x2  
  178  21:43  Baneling x2  
  178  21:51  Zergling x20  
  178  21:52  Zergling x6  
  186  22:03  Zerg Flyer Weapons Level 1  
  186  22:05  Overlord  
  186  22:06  Zergling x14  
  192  22:27  Zergling x2  
  192  22:28  Zergling x22  
  195  22:40  Spore Crawler  
  195  22:43  Corruptor x3  
  200  22:47  Spore Crawler, Baneling x2  
  200  22:49  Spine Crawler  
  192  23:00  Baneling x6  
  192  23:01  Zergling x2  
  179  23:21  Overlord  
  177  23:32  Zergling x2  
  177  23:33  Zergling x42  
  199  23:37  Spore Crawler  
  199  23:40  Spine Crawler  
  197  23:41  Extractor  
  197  23:45  Baneling x10  
  196  24:08  Zergling x8  
  196  24:09  Drone  
  190  24:19  Drone x2  
  190  24:20  Drone x3  
  187  24:24  Drone x2  
  184  24:48  Spine Crawler  
Show
View Real Time Build Order
Export as new Build Order

BuenoClinic Terran 

Build Orders: Reaper Expand, MMM Bio 

Get SALT Encoding   

  12  0:01  SCV  
  13  0:13  SCV  
  14  0:18  Supply Depot  
  14  0:25  SCV  
  15  0:39  SCV  
  15  0:41  Barracks  
  16  0:46  Refinery  
  16  0:51  SCV  
  17  1:03  SCV  
  18  1:15  SCV  
  19  1:28  Reaper, Orbital Command  
  20  1:41  Command Center, Unknown  
  21  1:54  SCV  
  21  1:57  Barracks  
  21  2:00  Barracks Reactor  
  21  2:06  SCV  
  22  2:09  Supply Depot  
  22  2:18  SCV  
  22  2:19  Refinery  
  23  2:31  SCV  
  23  2:34  Factory  
  24  2:38  Marine x2  
  24  2:43  SCV  
  27  2:45  Barracks Tech Lab  
  27  2:52  Unknown  
  27  2:53  Orbital Command  
  27  2:55  SCV  
  27  2:57  Marine x2  
  30  3:05  Stimpack  
  30  3:07  SCV  
  30  3:08  Marine  
  32  3:15  Marine x2  
  32  3:19  SCV x2  
  36  3:26  Starport  
  36  3:28  Factory Reactor  
  36  3:31  SCV  
  36  3:33  SCV  
  38  3:34  Marine  
  38  3:36  Marine  
  38  3:37  Marine  
  40  3:43  Supply Depot  
  40  3:45  SCV  
  40  3:46  SCV  
  42  3:52  Marine  
  42  3:54  Marine  
  44  3:55  Marine  
  44  3:58  SCV, Supply Depot  
  46  4:04  SCV  
  47  4:10  Medivac x2  
  47  4:11  Marine  
  47  4:12  Marine  
  47  4:13  SCV  
  54  4:19  SCV, Marine  
  54  4:21  Engineering Bay  
  56  4:25  Engineering Bay  
  56  4:28  Refinery  
  56  4:32  SCV x2  
  56  4:33  Supply Depot  
  56  4:37  Marine x2  
  56  4:38  Marine  
  61  4:44  SCV  
  62  4:52  Terran Infantry Weapons Level 1, Terran Infantry Armor Level 1  
  62  4:54  SCV  
  62  4:56  SCV  
  64  5:00  Command Center, Unknown  
  64  5:06  Supply Depot, Marine  
  64  5:07  Marine x2  
  65  5:11  Combat Shields  
  65  5:13  SCV  
  68  5:15  SCV  
  69  5:25  SCV  
  69  5:27  SCV  
  61  5:33  Marine x3  
  58  5:37  SCV  
  58  5:39  SCV  
  60  5:45  Armory  
  60  5:49  SCV  
  61  5:51  SCV  
  61  5:55  Marine x3  
  65  6:01  SCV  
  65  6:03  SCV  
  67  6:04  Factory Reactor  
  67  6:06  Barracks  
  67  6:07  Medivac  
  69  6:11  Unknown  
  69  6:13  SCV  
  69  6:15  SCV, Orbital Command  
  69  6:17  Marine  
  72  6:19  Medivac  
  74  6:25  SCV  
  74  6:28  SCV  
  74  6:30  Marine x2  
  78  6:36  Refinery  
  78  6:37  Medivac  
  78  6:38  SCV  
  81  6:44  Marine  
  82  6:50  Barracks, Orbital Command  
  82  6:52  Barracks  
  82  6:53  SCV  
  83  6:56  SCV, Marine  
  83  7:00  Terran Infantry Weapons Level 2  
  85  7:02  Terran Infantry Armor Level 2  
  85  7:05  SCV  
  86  7:08  SCV  
  86  7:09  Marine x2  
  86  7:14  Factory Reactor  
  86  7:15  Supply Depot, Marine  
  90  7:17  SCV  
  90  7:19  SCV  
  90  7:20  SCV  
  93  7:24  Supply Depot  
  93  7:32  Supply Depot  
  93  7:36  Marine x4  
  93  7:37  SCV x3  
  100  7:39  Supply Depot x2  
  100  7:40  Barracks Reactor  
  100  7:41  Barracks Reactor  
  100  7:42  Marine  
  101  7:49  SCV x3  
  101  7:50  Supply Depot  
  104  7:55  Widow Mine  
  104  7:57  Marine  
  105  8:00  Marauder  
  105  8:01  SCV x2, Marine x2  
  105  8:03  Medivac x2  
  115  8:06  SCV  
  115  8:07  Marine  
  115  8:09  Supply Depot  
  115  8:11  Widow Mine  
  119  8:14  Marine  
  119  8:16  Barracks  
  119  8:17  SCV  
  119  8:18  Supply Depot, Barracks, Marine x2  
  119  8:19  Marine  
  123  8:20  Marine  
  123  8:21  Marine  
  123  8:23  Widow Mine  
  128  8:27  Marine x2  
  128  8:28  Marauder  
  128  8:32  Supply Depot  
  132  8:39  Marine, Widow Mine  
  133  8:46  Marine x2  
  133  8:49  Marauder  
  133  8:50  SCV x2  
  133  8:51  SCV  
  133  8:53  Marine  
  133  8:55  Marine  
  140  8:56  Command Center, Unknown  
  140  8:58  Supply Depot  
  140  9:09  SCV, Widow Mine  
  140  9:10  Marine  
  140  9:11  Marauder  
  140  9:12  Barracks Reactor  
  140  9:13  Barracks Tech Lab  
  140  9:14  Marine x2  
  140  9:15  Refinery  
  140  9:16  Marine x2, Refinery  
  146  9:23  Marine  
  146  9:24  Widow Mine  
  147  9:32  Marauder  
  147  9:33  Medivac x2, Marine  
  147  9:34  Marauder  
  147  9:38  Widow Mine  
  154  9:42  Supply Depot, Marine x2  
  154  9:43  Supply Depot x2  
  156  9:46  Liberator  
  156  9:47  Marine  
  156  9:52  Supply Depot, Widow Mine, Liberator  
  156  9:53  Marauder  
  156  9:54  Supply Depot  
  156  9:55  Marauder  
  156  9:56  Marine  
  160  10:00  Marine  
  160  10:01  Marine  
  160  10:06  Widow Mine  
  163  10:08  Unknown  
  165  10:14  Marine x2  
  165  10:15  Marauder  
  165  10:17  Marauder  
  165  10:20  Terran Infantry Weapons Level 3, Terran Infantry Armor Level 3  
  171  10:22  Marine  
  171  10:27  Marine x2  
  169  10:34  Liberator  
  169  10:36  Marauder  
  169  10:37  Marine x2  
  169  10:38  Marauder  
  164  10:45  Planetary Fortress  
  164  10:47  Marine x2  
  168  10:57  Marauder  
  168  10:59  Marauder, Marine  
  168  11:00  Marine  
  168  11:02  Liberator  
  168  11:03  Marine  
  165  11:05  Marine  
  165  11:06  Marine  
  165  11:11  Marine  
  164  11:16  Liberator  
  164  11:18  Marine  
  148  11:19  Marauder  
  148  11:21  Marauder  
  148  11:23  Widow Mine x2  
  157  11:26  Marine x2  
  157  11:28  Marine x7  
  157  11:31  Supply Depot  
  166  11:36  Marine  
  170  11:40  Marauder  
  170  11:42  Marauder  
  170  11:44  Marine x2  
  170  11:45  Liberator  
  170  11:46  Marine x3  
  170  11:47  Starport, Marine x2  
  179  11:48  Marine  
  179  11:51  Command Center, Unknown  
  179  11:52  Widow Mine x2  
  186  11:55  Marine  
  186  11:59  Liberator  
  187  12:02  Marauder, Marine  
  187  12:03  Marauder  
  187  12:05  Unknown  
  187  12:07  Marine  
  187  12:10  Liberator  
  175  12:20  Marine, Widow Mine  
  175  12:21  Marine, Widow Mine  
  178  12:23  Marauder, Marine x3  
  178  12:25  Marauder  
  178  12:28  Liberator  
  178  12:29  Supply Depot  
  172  12:30  Supply Depot  
  172  12:34  Marine x2  
  163  12:40  Marine  
  163  12:42  Marine, Liberator  
  163  12:44  Marauder, Marine  
  165  12:46  Marauder  
  165  12:51  Widow Mine  
  173  12:53  Marine  
  173  12:55  Marine  
  174  13:00  Marine  
  174  13:02  Unknown  
  178  13:06  Marauder  
  178  13:08  Marauder  
  178  13:10  Medivac, Marine  
  183  13:23  Marine  
  183  13:25  Marine  
  185  13:27  Marauder  
  185  13:28  Medivac  
  185  13:29  Marauder  
  185  13:31  Widow Mine  
  185  13:32  Widow Mine  
  185  13:33  Marine x2  
  185  13:34  Marine x3  
  195  13:38  Planetary Fortress  
  195  13:39  Marine  
  195  13:40  Medivac  
  195  13:41  Command Center, Unknown  
  199  13:42  Medivac  
  200  14:08  Ghost Academy  
  192  14:10  Barracks  
  192  14:12  Barracks  
  192  14:13  Marauder, Marine  
  191  14:26  Medivac  
  191  14:29  Medivac  
  191  14:30  Marauder, Marine  
  157  14:32  Widow Mine x2  
  157  14:33  Medivac  
  157  14:35  Marine  
  157  14:36  Marauder  
  166  14:39  Marine x3  
  166  14:44  Marine  
  169  14:48  Marine  
  169  14:52  Marauder, Unknown  
  172  14:54  Marine  
  172  14:57  Marauder, Marine  
  176  15:00  Barracks Tech Lab x2  
  158  15:09  Marine  
  158  15:11  Marine, Widow Mine x2  
  158  15:12  Marine x4  
  158  15:13  Marine x3  
  130  15:15  Medivac x3  
  130  15:20  Ghost x3  
  134  15:22  Marine  
  134  15:26  Orbital Command  
  134  15:28  Marine x2  
  137  15:29  Marine x2  
  137  15:31  Marine  
  140  15:35  Marine  
  140  15:36  Marine  
  140  15:37  Command Center, Unknown, Marine x2  
  140  15:39  Widow Mine  
  144  15:42  Widow Mine  
  144  15:44  Medivac, Marine  
  144  15:45  Refinery  
  144  15:46  Marauder  
  144  15:47  Refinery  
  144  15:49  Marauder x3  
  153  15:51  Marine  
  153  15:54  Marine  
  155  15:57  Marine  
  155  16:03  Marine  
  156  16:08  Marauder, Widow Mine  
  156  16:09  Marine x2  
  156  16:10  Marauder  
  156  16:11  Marauder x2, Widow Mine  
  168  16:16  Marine  
  169  16:24  Marine x2  
  171  16:29  Marauder, Marine  
  171  16:31  Ghost x2, Marine  
  171  16:32  Marauder  
  172  16:33  Marine  
  172  16:36  Widow Mine, Liberator  
  172  16:39  Marine, Widow Mine  
  170  16:40  Refinery x2  
  170  16:42  Marine  
  170  16:45  Marine  
  174  16:48  Marine  
  174  16:50  Marauder  
  174  16:53  Marauder  
  182  16:55  Marine  
  182  17:00  Marauder x2  
  187  17:01  Unknown  
  187  17:10  Marine  
  187  17:12  Marauder  
  187  17:15  Marauder  
  181  17:16  Liberator  
  181  17:22  Marauder, Marine  
  141  17:23  Marine  
  141  17:29  Marine  
  131  17:30  Widow Mine x2  
  131  17:33  Marauder, Marine  
  131  17:34  Marine  
  131  17:36  Marauder  
  126  17:37  Ghost  
  126  17:38  Marine  
  126  17:43  Marauder  
  126  17:44  Marine  
  126  17:47  Marine  
  126  17:51  Marine  
  120  17:55  Marauder  
  120  17:58  Marauder  
  115  18:00  Widow Mine x2  
  115  18:05  Marauder  
  114  18:06  Marauder  
  109  18:14  Marine  
  109  18:15  Marine  
  109  18:16  Marauder  
  109  18:19  Marauder  
  109  18:20  Marine x2  
  109  18:21  Marine x2  
  109  18:22  Medivac x2  
  109  18:24  Medivac  
  109  18:26  Marauder  
  119  18:27  Concussive Shells  
  119  18:28  Marine x2  
  119  18:29  Marauder, Marine x2, Widow Mine x2  
  129  18:35  Marine  
  129  18:37  Marauder  
  119  18:41  Marine  
  119  18:42  Marauder  
  119  18:45  Marine x2  
  119  18:47  Marine x2  
  119  18:48  Marauder  
  128  18:51  Command Center, Unknown  
  128  18:52  Medivac x2  
  128  18:53  Marine  
  128  18:54  Marauder  
  135  18:57  Marine  
  135  18:59  Marauder  
  133  19:05  Marine x4  
  133  19:06  Marauder  
  133  19:08  Refinery  
  138  19:10  Marine  
  138  19:11  Marauder  
  138  19:13  Widow Mine  
  137  19:22  Marine  
  137  19:23  Marauder  
  137  19:26  Widow Mine  
  135  19:32  Marine x2  
  135  19:34  Marine  
  140  19:40  Medivac x2  
  140  19:44  Marine  
  147  19:48  Marine  
  147  19:49  Marine x2  
  149  19:53  Ghost x2  
  149  19:57  Medivac  
  144  20:00  Marauder, Marine  
  144  20:02  Unknown, Marine  
  144  20:06  Missile Turret  
  148  20:09  Missile Turret  
  148  20:16  Missile Turret x2  
  148  20:18  Planetary Fortress  
  148  20:19  Marine  
  148  20:20  Marauder  
  147  20:21  Marine  
  147  20:22  Marauder, Marine  
  147  20:24  Supply Depot  
  147  20:26  Orbital Command  
  151  20:32  Marine  
  151  20:33  Marauder, Marine  
  152  20:35  Marine  
  152  20:37  Marine  
  152  20:41  Marauder  
  154  20:46  Ghost  
  146  20:51  Liberator  
  146  20:54  Widow Mine x2  
  140  20:59  Marine x2  
  142  21:05  Missile Turret  
  144  21:12  Liberator  
  139  21:34  Marauder, Command Center, Unknown, Marine x2  
  139  21:35  Marauder  
  139  21:39  Marauder, Marine  
  148  21:40  Liberator  
  148  21:41  Marine  
  146  21:54  Marine  
  146  21:56  Marauder x2, Liberator  
  154  22:03  Marine x2  
  154  22:04  Marauder  
  154  22:07  Liberator  
  157  22:13  Orbital Command  
  160  22:23  Liberator  
  156  22:34  Widow Mine  
  156  22:35  Widow Mine  
  156  22:36  Marauder x2, Marine x2  
  164  22:39  Liberator  
  164  22:42  Missile Turret  
  164  22:43  Missile Turret  
  165  22:46  Unknown, Refinery  
  165  22:50  Liberator  
  166  23:07  Marine  
  166  23:08  Marauder  
  166  23:09  Marine  
  166  23:10  Marauder  
  168  23:13  Marine  
  168  23:14  Marauder  
  168  23:15  Marine  
  168  23:19  Marine  
  172  23:22  Marine x3, Liberator  
  175  23:29  Marauder  
  177  23:41  Ghost  
  180  23:50  Ghost  
  182  23:56  Ghost  
  184  24:09  Ghost  
  183  24:13  Marine  
  159  24:28  Marine  
Tags
 
Add a new tag
Caveats
  • Supply blocks, unpowered buildings, or Contaminate may cause inaccurate times.
  • Supply counts are checked every 10 seconds.